AoeStats
← cisi1982

Arabia

509838601Analyzed
1v1 RM · 4d ago on Sep 28, 2026· 28m 6s· 2 players
Game mode
Random Map
Map size
Tiny (2 player)
Population
200
Speed
Normal
Resources
Standard
Victory
Conquest
Starting age
Dark Age
Ending age
Imperial Age
RankedLock teamsTeams togetherTeam positionsShared explorationLock speedFull tech treeHidden civsTurbo modeCheats
Victory
Defeat
🇨🇿 Berbers · Czechia
889
+16
🇦🇺 Muisca · Australia
885
-16
UNCLE
11:57 Feudal Age
13:31 Loom
15:00 Wheelbarrow
17:52 Double-Bit Axe
17:50 Horse Collar
24:25 Castle Age
21:49 Champi Runner
23:10 Forging
23:00 Scale Mail Armor
22:59 Gold Mining
24:37 Pikeman
25:20 Squires
27:21 Iron Casting
27:01 Chain Mail Armor
cisi1982
7:33 Loom
9:54 Feudal Age
10:46 Double-Bit Axe
20:41 Castle Age
19:28 Bloodlines
20:04 Forging
20:53 Scale Barding Armor
21:51 Husbandry
22:03 Light Cavalry
Connection lost

Rejoining the realm…

Still unreachable

The connection could not be restored.

Session expired

The server has moved on; the page needs a fresh start.